 Dungeon Crawl Stone Soup version 0.22-a0-567-gff9aefc (webtiles) character file.

128 Hebeh the Shield-Bearer (level 4, -1/41 HPs)
             Began as a Minotaur Fighter on June 29, 2018.
             Was an Initiate of Trog.
             Succumbed to Dowan's poison
             ... on level 4 of the Dungeon.
             The game lasted 00:04:31 (1976 turns).

Hebeh the Shield-Bearer (Minotaur Fighter)          Turns: 1976, Time: 00:04:32

Health: -1/41      AC: 11    Str: 21    XL:     4   Next: 87%
Magic:  3/3        EV:  4    Int:  5    God:    Trog [......]
Gold:   75         SH:  9    Dex: 10    Spells: 3/3 levels left

rFire    . . .     SeeInvis .   a - +0 war axe
rCold    . . .     Gourm    .   c - +0 shield
rNeg     . . .     Faith    .   l - +0 plate armour
rPois    .         Spirit   .   (helmet restricted)
rElec    .         Reflect  .   (no cloak)
rCorr    .         Harm     .   (no gloves)
MR       .....                  (no boots)
Stlth    ..........             (no amulet)
HPRegen  0.13/turn              (no ring)
MPRegen  0.08/turn              (no ring)

@: lethally poisoned (-1 -> -29)
A: retaliatory headbutt, horns 2
a: Renounce Religion


You were on level 4 of the Dungeon.
You worshipped Trog.
Trog was noncommittal.
You were not hungry.

You visited 1 branch of the dungeon, and saw 4 of its levels.

You collected 75 gold pieces.

Inventory:

Hand Weapons
 a - a +0 war axe (weapon)
Armour
 c - a +0 shield (worn)
 l - a +0 plate armour (worn)
Jewellery
 p - an uncursed ring of wizardry {unknown}
 t - an uncursed ring of protection from fire {unknown}
Scrolls
 b - 2 scrolls of teleportation {unknown}
 h - 2 scrolls of identify {unknown}
 i - a scroll of amnesia {unknown}
 k - a scroll of noise {unknown}
 m - 2 scrolls of remove curse {unknown}
 o - a scroll of immolation {unknown}
 q - a scroll of random uselessness {unknown}
Potions
 d - a potion of might
 e - a potion of brilliance {unknown}
 g - a potion of haste {unknown}
 n - 2 potions of degeneration {unknown}
 r - a potion of resistance {unknown}
 s - a potion of curing {unknown}
Comestibles
 f - 6 rations


   Skills:
 + Level 4.4 Fighting
 * Level 4.3 Axes
 + Level 4.3 Armour
 + Level 4.5 Shields


You had 3 spell levels left.
You didn't know any spells.
Your spell library contained the following spells:

 Spells                   Type           Power        Failure   Level  Hunger
 Apportation              Tloc           #.....       100%        1    ##.....
 Summon Small Mammal      Summ           #...         100%        1    ##.....
 Animate Skeleton         Necr           N/A          100%        1    ##.....
 Confusing Touch          Hex            #.....       100%        1    ##.....


Dungeon Overview and Level Annotations

Branches:
Dungeon (3/15)

Altars:
Dithmenos
Trog
The Shining One

Annotations:
D:4 Dowan, Duvessa


Innate Abilities, Weirdness & Mutations

You reflexively headbutt those who attack you in melee.
You have a pair of horns on your head.


Message History

Unknown command.
You are too injured to fight recklessly!
You hit Dowan.
Dowan is severely wounded.
You hit Duvessa.
* * * LOW HITPOINT WARNING * * *
You feel very sick. Dowan hits you but does no damage.
You are more poisoned.
Duvessa barely misses you.
You closely miss Dowan.
Dowan is severely wounded.
You hit Duvessa.
* * * LOW HITPOINT WARNING * * *
You feel very sick. You block Dowan's attack. Duvessa hits you with a rapier.
* * * LOW HITPOINT WARNING * * *
Dowan gestures wildly while chanting.
Dowan blinks!
You die...

+(.....................
#...##........#.#####.#
##.#...########...........
............# #..#....##..
.##.#...###.# #..#...###..
.. ##### #.# #..#........
.. .#######.# #..#########
. .......#.# #...........
#.@e####..#########
#..................
e....####.........#.
###.#.#........###.#.
#.#..........# #.#.
#.##.....(...# #.#. #.
#.........# #.#. #.
##........# #.#.
#........# #.#.


You could see Duvessa and Dowan.

Vanquished Creatures
  A bullfrog skeleton (D:4)
  3 adders
  An ooze (D:2)
  5 worms
  A dart slug (D:2)
  2 leopard geckos
  9 bats
  2 giant cockroaches (D:2)
  5 hobgoblins
  5 kobolds
  A quokka (D:2)
  5 frilled lizards
  6 goblins
  8 rats
54 creatures vanquished.

Notes
Turn   | Place    | Note
-------+----------+-------------------------------------------
     0 | D:1      | Hebeh the Minotaur Fighter began the quest for the Orb.
     0 | D:1      | Reached XP level 1. HP: 19/19 MP: 0/0
   285 | D:1      | Reached XP level 2. HP: 27/27 MP: 1/1
   560 | D:2      | Reached XP level 3. HP: 8/33 MP: 2/2
   923 | D:2      | Found a glowing golden altar of the Shining One.
   948 | D:2      | Found a shadowy altar of Dithmenos.
  1293 | D:2      | Noticed a moth of wrath
  1296 | D:2      | Found a bloodstained altar of Trog.
  1305 | D:2      | Reached XP level 4. HP: 29/40 MP: 3/3
  1321 | D:2      | Became a worshipper of Trog the Wrathful
  1623 | D:3      | You fall through a shaft!
  1964 | D:4      | Noticed Duvessa
  1964 | D:4      | Noticed Dowan
  1975 | D:4      | HP: 1/41 [Duvessa/rapier (3)]
  1976 | D:4      | Succumbed to Dowan's poison

Vault maps used:
D:1:      dpeg_arrival_concentric_ovals
D:2:      marbit_many_paths, grunt_dithmenos_smoke, tgw_trog
D:3:      first_ration, kennysheep_decorative_pillar
D:4:      st_stairs_8, uniq_blork_the_orc, uniq_eustachio, uniq_duvessa

Skill      XL: |  1  2  3  4 |
---------------+-------------+-----
Axes           | 3 4 |  4.3
Fighting       | 4 |  4.4
Armour         | 4 |  4.3
Shields        | 4 |  4.5

Action                   |  1- 3 |  4- 6 || total
-------------------------+-------+-------++-------
Melee: War axe           |   110 |    41 ||   151
       Headbutt          |    15 |     8 ||    23
  Eat: Chunk             |     1 |     3 ||     4
Armor: Scale mail        |    17 |       ||    17
       Plate armour      |    81 |    20 ||   101
Dodge: Dodged            |    31 |     6 ||    37
Block: Shield            |    66 |    23 ||    89

Table legend:
 A = Spawn XP
 B = Non-spawn XP
 C = Spawn XP percentage of total XP
 D = Spawn monster count
 E = Non-spawn monster count
 F = Spawn count percentage of total count
 G = Total turns spent on level
                    A         B        C        D         E        F      G
               +---------+---------+-------+---------+---------+-------+---------
         Total |       0 |     184 |   0.0 |       0 |      54 |   0.0 |  1976
               +---------+---------+-------+---------+---------+-------+---------
           D:1 |       0 |      21 |   0.0 |       0 |      15 |   0.0 |   534
           D:2 |       0 |      84 |   0.0 |       0 |      29 |   0.0 |   931
           D:3 |       0 |      30 |   0.0 |       0 |       7 |   0.0 |   158
           D:4 |       0 |      49 |   0.0 |       0 |       3 |   0.0 |   353
               +---------+---------+-------+---------+---------+-------+---------
